 Dungeon Crawl Stone Soup version 0.28-a0-803-g74956062c1 (webtiles) character file.

Game seed: 1083379095136236077

963 Decritt the Conjurer (level 7, -5/39 HPs)
             Began as a Deep Elf Conjurer on Nov 7, 2021.
             Was an Initiate of Vehumet.
             Slain by Duvessa (11 damage)
             ... on level 5 of the Dungeon.
             The game lasted 00:13:45 (6246 turns).

Decritt the Conjurer (Deep Elf Conjurer)            Turns: 6246, Time: 00:13:46

Health: -5/39      AC:  5    Str:  4    XL:     7   Next: 92%
Magic:  11/19      EV: 12    Int: 25    God:    Vehumet [......]
Gold:   224        SH:  0    Dex: 13    Spells: 17/20 levels left

rFire   . . .      SeeInvis .   s - +2 quarterstaff (chaos)
rCold   . . .      Faith    +   (shield currently unavailable)
rNeg    . . .      Spirit   .   j - +1 leather armour
rPois   .          Reflect  .   (no helmet)
rElec   .          Harm     .   r - +0 cloak
rCorr   .          Rampage  .   (no gloves)
Will    .....                   (no boots)
Stlth   ++........              c - amulet of faith
HPRegen 0.13/turn               (no ring)
MPRegen 0.16/turn               (no ring)

@: about to teleport
A: no striking features
a: Renounce Religion


You were on level 5 of the Dungeon.
You worshipped Vehumet.
Vehumet was noncommittal.
You visited 2 branches of the dungeon, and saw 6 of its levels.

You collected 224 gold pieces.

Inventory:

Hand Weapons
 b - a +0 mace of draining
 s - a +2 quarterstaff of chaos (weapon)
 t - a +0 giant club
Missiles
 g - a boomerang (quivered)
 k - 5 javelins
 l - a throwing net
Armour
 a - a +0 robe
 j - a +1 leather armour (worn)
 r - a +0 cloak (worn)
Jewellery
 c - an amulet of faith (around neck)
Wands
 o - a wand of iceblast (9)
 q - a wand of paralysis (8)
Scrolls
 i - a scroll of enchant armour
 p - 2 scrolls of silence
Potions
 d - a potion of might {unknown}
 e - a potion of lignification {unknown}
 h - 2 potions of curing
 m - a potion of flight {unknown}
 n - a potion of haste {unknown}


   Skills:
 + Level 1.9 Fighting
 * Level 5.4 Dodging
 - Level 2.4 Stealth
 - Level 7.2 Spellcasting
 + Level 7.7 Conjurations


You had 17 spell levels left.
You knew the following spells:

 Your Spells              Type           Power      Damage    Failure   Level
a - Magic Dart            Conj           100%       1d8       1%          1
b - Searing Ray           Conj           94%        2d7       1%          2

Your spell library contained the following spells:

 Spells                   Type           Power      Damage    Failure   Level
 Dazzling Flash           Conj/Hex       56%        N/A       7%          3
 Animate Skeleton         Necr           18%        N/A       12%         1
 Apportation              Tloc           18%        N/A       12%         1
 Summon Small Mammal      Summ           36%        N/A       12%         1
 Fulminant Prism          Conj/Hex       14%        3d9       24%         4
 Iskenderun's Mystic Bla  Conj/Tloc      28%        2d7       24%         4
 Gell's Gravitas          Tloc           9%         N/A       34%         3
 Lesser Beckoning         Tloc           9%         N/A       34%         3
 Teleport Other           Tloc           9%         N/A       34%         3
 Irradiate                Conj/Tmut      14%        3d18      54%         5
 Summon Ice Beast         Ice/Summ       9%         N/A       75%         4
 Blade Hands              Tmut           4%         N/A       97%         5
 Summon Mana Viper        Hex/Summ       9%         N/A       97%         5
 Dispersal                Tloc           4%         N/A       100%        6
 Monstrous Menagerie      Summ           4%         N/A       100%        7


Dungeon Overview and Level Annotations

Branches:
Dungeon (5/15)             Temple (1/1) D:5

Altars:
Ashenzari
Dithmenos
Hepliaklqana
Kikubaaqudgha
Makhleb
Nemelex Xobeh
Okawaru
Qazlal
Trog
Uskayaw
Vehumet
Xom
Yredelemnul
Zin
The Shining One

Annotations:
D:5 Dowan, Duvessa


Message History

Aim: Duvessa, wielding a +3 short sword of electrocution and wearing a +0 ring mail (wandering, hasn't noticed you, 87% to hit)
The searing ray misses Duvessa. (Press . to maintain the ray.) Duvessa shouts!
Casting: Searing Ray (safe; 1% risk of failure)
Confirm with . or Enter, or press ? or * to list all spells.
Restarting spell: Searing Ray (safe; 1% risk of failure)
Press: ? - help, Shift-Dir - straight line, f/p - Duvessa
Aim: Duvessa, wielding a +3 short sword of electrocution and wearing a +0 ring mail (87% to hit)
The searing ray hits Duvessa!
Duvessa is lightly wounded. (Press . to maintain the ray.)
The searing ray hits Duvessa but does no damage.
Duvessa is lightly wounded.
Duvessa completely misses you.
Casting: Searing Ray (safe; 1% risk of failure)
Confirm with . or Enter, or press ? or * to list all spells.
Restarting spell: Searing Ray (safe; 1% risk of failure)
Press: ? - help, Shift-Dir - straight line, f/p - Duvessa
Aim: Duvessa, wielding a +3 short sword of electrocution and wearing a +0 ring mail (lightly wounded, 87% to hit)
The searing ray hits Duvessa!
Duvessa is moderately wounded. (Press . to maintain the ray.) Duvessa misses you.
The searing ray misses Duvessa.
Dowan gestures wildly while chanting.
Dowan blinks!
Duvessa hits you with a +3 short sword of electrocution.
The searing ray hits Duvessa.
Duvessa is heavily wounded.
Duvessa hits you with a +3 short sword of electrocution.
You are electrocuted!!
Ouch! That really hurt!
* * * LOW HITPOINT WARNING * * *
As you read the scroll of teleportation, it crumbles to dust.
You feel strangely unstable.
Duvessa hits you with a +3 short sword of electrocution.
* * * LOW HITPOINT WARNING * * *
You are electrocuted!
You die...

###≈.###⌠.)'..#
#.'..⌠###.≈####
#.#≈..#⌠..≈#
#†#≈≈....≈≈#
######.##≈≈≈.≈≈##
#.)....)####'###
#.#####.......#
#..........#e#
.#########.#@# #
#####.#)####...
#..............
..#.###e.###...
#####..##..####.#
..........[......
≈≈≈≈....≈≈≈≈≈≈≈≈≈
≈≈≈≈....≈≈≈≈≈≈≈≈≈
≈≈≈≈....≈≈≈≈≈≈≈≈≈


You could see Duvessa and Dowan.

Vanquished Creatures
  A water moccasin (D:5)
  A black bear (D:5)
  3 ogres
  A necrophage (D:5)
  A phantom (D:5)
  2 scorpions (D:4)
  A howler monkey (D:5)
  Crazy Yiuf (D:5)
  5 gnolls
  4 adders
  An adder zombie (D:5)
  A worm (D:3)
  A dart slug (D:3)
  3 orcs (D:5)
  9 ball pythons
  9 endoplasms
  4 giant cockroaches
  4 goblins
  4 hobgoblins
  8 jackals
  3 kobolds
  5 quokkas
  A bat (D:2)
  5 frilled lizards
  8 rats
86 creatures vanquished.

Vanquished Creatures (others)
  A fungus (D:5)
1 creature vanquished.

Grand Total: 87 creatures vanquished

Notes
Turn   | Place    | Note
-------+----------+-------------------------------------------
     0 | D:1      | Decritt the Deep Elf Conjurer began the quest for the Orb.
     0 | D:1      | Reached XP level 1. HP: 10/10 MP: 6/6
   116 | D:1      | Reached XP level 2. HP: 15/15 MP: 0/8
   191 | D:1      | Learned a level 2 spell: Searing Ray
   205 | D:1      | Got the Tome of Warped Shape Shifting
  1027 | D:1      | Found a faded altar of an unknown god.
  1163 | D:2      | Reached XP level 3. HP: 19/19 MP: 5/10
  1401 | D:2      | Reached skill level 5 in Conjurations
  2365 | D:3      | Reached XP level 4. HP: 24/24 MP: 12/12
  3595 | D:4      | Noticed a scorpion
  3602 | D:4      | Killed a scorpion
  3603 | D:4      | Reached skill level 5 in Spellcasting
  3603 | D:4      | Reached XP level 5. HP: 12/28 MP: 4/14
  3928 | D:4      | Noticed an ogre
  3933 | D:4      | Killed an ogre
  4033 | D:4      | Reached XP level 6. HP: 16/32 MP: 2/17
  5152 | D:5      | Entered Level 5 of the Dungeon
  5385 | D:5      | Reached XP level 7. HP: 17/36 MP: 10/19
  5568 | D:5      | Reached skill level 1 in Fighting
  5691 | D:5      | Found a staircase to the Ecumenical Temple.
  5707 | Temple   | Entered the Ecumenical Temple
  5835 | Temple   | Became a worshipper of Vehumet
  5898 | D:5      | Found a runed translucent door.
  5899 | D:5      | Noticed Crazy Yiuf
  5905 | D:5      | Killed Crazy Yiuf
  6066 | D:5      | Reached skill level 5 in Dodging
  6219 | D:5      | Noticed Dowan
  6220 | D:5      | Noticed Duvessa
  6246 | D:5      | Slain by Duvessa

Illustrated notes

Levels and vault maps discovered:
D:1:      lightli_arrival_lavapool, layout_loops_ring,
          dreamdust_ecumenical_altar_hidden_monk_grotto
D:2:      layout_loops_corners, minmay_misc_feat_columns
D:3:      layout_loops_ring
D:4:      layout_basic, amcnicky_mini_pool_small
D:5:      lemuel_castle_with_subvaults [lemuel_castle_interior_carwin_2],
          layout_loops_ring, marbit_many_paths,
          minmay_temple_entry_statues_fountains, serial_shops,
          nicolae_square_shop, kennysheep_another_room, grunt_ministairs_8,
          kennysheep_flooded_box, grunt_tough_drop, uniq_crazy_yiuf_cottage,
          uniq_duvessa
Temple:   kilobyte_greek_temple

Skill      XL: |  1  2  3  4  5  6  7 |
---------------+----------------------+-----
Dodging        | 3 5 |  5.4
Spellcasting   | 4 5 6 7 |  7.2
Conjurations   | 5 6 7 |  7.7
Fighting       | 1 |  1.9
Stealth        | |  2.4

Action                   |  1- 3 |  4- 6 |  7- 9 || total
-------------------------+-------+-------+-------++-------
Melee: Mace              |    10 |    10 |       ||    20
       Quarterstaff      |       |       |     5 ||     5
Throw: Boomerang         |     9 |    36 |    13 ||    58
 Cast: Magic Dart        |    65 |    13 |     8 ||    86
       Searing Ray       |     2 |    21 |    12 ||    35
  Use: Scroll            |     1 |     5 |     1 ||     7
Armor: Leather armour    |       |     9 |     4 ||    13
Dodge: Dodged            |    11 |    10 |     9 ||    30

Table legend: (Time is in decaauts)
 A = Elapsed time spent in this place.
 B = Non-inter-level travel time spent in this place.
 C = Inter-level travel time spent in this place.
 D = Time resting spent in this place.
 E = Time spent auto-exploring this place.
 F = Levels seen in this place.
 G = Mean time per level.
                   A        B        C        D        E       F      G
               +--------+--------+--------+--------+--------+-----+--------+
         Total |   6274 |   6019 |    255 |   1759 |   3600 |   6 | 1045.7 |
       Dungeon |   6108 |   5885 |    223 |   1759 |   3478 |   5 | 1221.6 |
        Temple |    165 |    133 |     32 |      0 |    122 |   1 |  165.0 |
               +--------+--------+--------+--------+--------+-----+--------+

Top non-repeatable levels by time:
     D:4: 1741 daAuts
     D:2: 1306 daAuts
     D:1: 1161 daAuts
     D:3: 964 daAuts
     D:5: 933 daAuts
  Temple: 165 daAuts
